Map: Ephemeron LE

Players

Danko - Winner!

  • Race: Terran Terran
  • League: Gold
  • Spawn Location: 11:00

LoliChan

  • Race: Terran Terran
  • League: Platinum
  • Spawn Location: 5:00

VOD

Have the link to the VOD?

Description

Time

  • Played on: March 6, 2020, 4:59 p.m.
  • Length: 14:21
Show
View Real Time Build Order
Export as new Build Order

Danko Terran - Winner!

Build Orders: 2 Factory, Cyclone Opening 

Get SALT Encoding   

  12  0:01  SCV  
  13  0:13  SCV  
  14  0:17  Supply Depot  
  14  0:25  SCV  
  15  0:30  Refinery  
  15  0:39  SCV  
  16  0:45  Barracks  
  16  0:51  SCV  
  17  0:57  Refinery  
  17  1:03  SCV  
  18  1:15  SCV  
  19  1:32  Orbital Command  
  19  1:38  Factory  
  19  1:39  Reaper  
  20  2:12  Supply Depot  
  20  2:18  Barracks Tech Lab  
  20  2:31  SCV  
  20  2:34  Engineering Bay  
  21  2:43  Cyclone, SCV, Factory, Barracks Tech Lab  
  25  2:55  SCV  
  26  3:10  SCV  
  27  3:15  Cyclone  
  30  3:22  Barracks Reactor, Missile Turret  
  30  3:30  Command Center  
  30  3:47  Supply Depot  
  30  3:58  SCV  
  31  4:08  Marine x2  
  31  4:09  Cyclone x2  
  39  4:42  SCV  
  39  4:43  Orbital Command, Factory  
  39  4:53  Mag-Field Accelerator  
  39  4:54  Cyclone  
  30  5:21  Cyclone  
  36  5:28  Cyclone  
  36  5:29  SCV  
  36  5:33  SCV  
  38  5:41  SCV  
  39  5:50  Command Center  
  40  5:57  SCV x2  
  40  5:59  Refinery  
  40  6:01  Refinery  
  41  6:05  Cyclone  
  44  6:12  SCV x2  
  43  6:35  SCV x2  
  43  6:37  Hellion x2  
  49  6:44  Cyclone  
  53  6:47  SCV x2  
  54  7:01  Cyclone, SCV x2  
  54  7:05  Supply Depot x2  
  54  7:07  Supply Depot  
  59  7:09  Hellion x2  
  63  7:17  SCV x2  
  65  7:23  Orbital Command  
  52  8:03  Cyclone  
  52  8:04  Cyclone, Hellion x2  
  53  8:07  SCV x3  
  56  8:15  Factory  
  56  8:26  Hellion x2  
  60  8:27  SCV  
  60  8:28  SCV x2  
  63  8:35  Cyclone  
  63  8:36  Cyclone  
  69  8:46  SCV x3  
  72  8:50  Armory  
  72  8:58  SCV x3  
  72  9:00  Factory  
  72  9:01  Factory Tech Lab  
  75  9:12  SCV x3  
  75  9:14  Cyclone x2, Hellion x2  
  88  9:33  SCV x2  
  88  9:34  SCV  
  88  9:35  Cyclone  
  76  9:58  Cyclone x2  
  76  10:07  Cyclone  
  76  10:08  Factory Reactor  
  76  10:09  Hellion x2  
  80  10:15  SCV x3  
  83  10:28  Command Center, Terran Vehicle Weapons Level 1  
  83  10:30  Siege Tank x2  
  83  10:31  Refinery  
  83  10:32  SCV x2, Refinery  
  83  10:33  SCV, Hellion  
  83  10:34  Hellion  
  96  10:39  Cyclone  
  99  10:46  Hellion  
  101  10:50  Hellion  
  94  11:16  SCV x3  
  97  11:25  Cyclone x3  
  106  11:26  Hellion  
  106  11:32  Hellion  
  109  11:33  Hellion  
  109  11:35  Hellion  
  106  11:43  SCV x2  
  106  11:44  SCV  
  109  11:53  Hellion  
  111  11:55  Hellion x2  
  111  11:57  Cyclone x3, Infernal Pre-Igniter  
  124  12:16  Hellion x2, Supply Depot  
  124  12:17  Supply Depot  
  124  12:19  Hellion x2  
  124  12:20  Supply Depot  
  132  12:33  SCV x3  
  132  12:34  Cyclone  
  138  12:37  Cyclone x2  
  130  13:00  SCV  
  131  13:27  Hellion  
  131  13:28  Cyclone x3, Hellion x3  
  145  13:46  SCV x3  
  148  13:49  Hellion x4, Orbital Command  
  156  13:58  SCV x3  
Show
View Real Time Build Order
Export as new Build Order

LoliChan Terran 

Build Orders: 1/1/1 

Get SALT Encoding   

  12  0:03  SCV  
  13  0:15  SCV  
  14  0:22  Supply Depot  
  14  0:27  SCV  
  15  0:31  Refinery  
  15  0:44  Barracks  
  15  0:46  SCV  
  16  0:58  SCV  
  16  1:03  Refinery  
  17  1:10  SCV  
  18  1:22  SCV  
  19  1:34  SCV  
  19  1:38  Factory  
  20  1:46  SCV  
  21  2:02  Bunker  
  20  2:11  Orbital Command  
  20  2:23  Starport, Supply Depot  
  20  2:26  Armory  
  20  2:40  Factory Tech Lab  
  20  2:58  Command Center  
  22  3:07  Hellion  
  22  3:12  Medivac  
  24  3:31  Thor  
  30  3:37  SCV  
  31  4:01  Supply Depot  
  31  4:09  SCV  
  32  4:13  Command Center  
  32  4:31  SCV  
  34  4:32  Orbital Command  
  33  4:43  SCV  
  34  4:50  Command Center  
  34  4:55  SCV  
  35  5:21  SCV x2  
  28  5:27  Thor  
  35  5:33  SCV x2, Barracks Tech Lab  
  37  5:36  Starport Reactor  
  37  5:37  Starport Tech Lab  
  37  5:40  Terran Vehicle Weapons Level 1  
  37  5:45  SCV x2  
  39  5:52  Concussive Shells  
  39  5:53  Marauder  
  41  5:57  SCV x2  
  43  6:07  Orbital Command  
  43  6:09  SCV  
  43  6:10  SCV  
  45  6:12  Thor  
  51  6:21  SCV  
  51  6:22  SCV  
  45  6:33  SCV  
  45  6:34  SCV  
  45  6:36  Marauder  
  48  6:45  SCV  
  48  6:46  SCV  
  47  6:55  Thor  
  47  6:57  SCV  
  47  6:59  Factory  
  47  7:00  Factory  
  54  7:11  Command Center  
  54  7:12  Marauder  
  54  7:14  SCV x2, Refinery  
  54  7:15  Refinery  
  58  7:26  SCV  
  57  7:47  Command Center  
  55  7:56  Factory Tech Lab x2  
  55  7:58  Thor  
  55  8:09  Marauder  
  57  8:17  Medivac  
  57  8:19  SCV x2  
  61  8:24  Orbital Command  
  61  8:31  SCV x2, Marauder  
  65  8:37  Supply Depot  
  65  8:38  Supply Depot  
  65  8:40  Thor  
  71  8:43  SCV x2  
  71  8:48  Smart Servos  
  73  8:52  Medivac  
  75  8:55  SCV  
  75  8:56  SCV  
  77  9:05  Orbital Command  
  77  9:06  Refinery  
  77  9:08  SCV x2  
  79  9:15  Thor  
  85  9:20  SCV x2, Refinery  
  85  9:22  Medivac, Refinery  
  89  9:26  Thor  
  79  10:00  Command Center  
  79  10:03  Stimpack  
  77  10:10  Thor  
  77  10:11  Thor  
  77  10:13  SCV  
  77  10:14  SCV x3  
  93  10:21  Terran Vehicle And Ship Armor Level 1  
  93  10:25  SCV  
  93  10:26  SCV x3, Armory  
  97  10:37  SCV, Supply Depot x2  
  97  10:38  SCV x3, Supply Depot  
  97  10:40  Supply Depot  
  101  10:47  Supply Depot  
  101  10:48  Supply Depot  
  101  10:49  SCV, Refinery  
  102  10:50  SCV x3  
  105  11:01  SCV  
  105  11:02  SCV x3  
  95  11:06  Thor  
  95  11:07  Thor x2  
  113  11:14  SCV x4  
  109  11:23  Terran Vehicle Weapons Level 2  
  109  11:28  Factory  
  109  11:29  Factory  
  103  11:44  Marauder  
  99  11:51  Thor x2  
  113  11:55  Orbital Command  
  113  11:58  Barracks  
  113  11:59  Barracks  
  113  12:00  Refinery  
  111  12:02  Medivac  
  111  12:04  Barracks  
  111  12:05  Barracks, Marauder  
  115  12:25  Refinery  
  115  12:32  Medivac  
  115  12:33  Marauder  
  119  12:43  Thor  
  115  12:54  Marauder, Barracks Tech Lab x3  
  101  13:02  Medivac  
  101  13:04  Factory Tech Lab x2  
  94  13:16  Marauder  
  85  13:28  Factory  
  85  13:30  Factory  
  85  13:32  Medivac  
  81  13:38  Marauder  
  81  13:39  Marauder x3  
  70  13:42  Barracks Tech Lab  
  59  14:00  Marauder  
Tags
 
Add a new tag
Caveats
  • Supply blocks, unpowered buildings, or Contaminate may cause inaccurate times.
  • Supply counts are checked every 10 seconds.